 Dungeon Crawl Stone Soup version 0.20-a0-540-ge6d1839 (webtiles) character file.

557 Alarkh the Chopper (level 7, 39/52 HPs)
             Began as a Demonspawn Monk on Jan 29, 2017.
             Quit the game on level 4 of the Dungeon.
             The game lasted 00:04:58 (3517 turns).

Alarkh the Chopper (Demonspawn Monk)                Turns: 3517, Time: 00:04:59

Health: 39/52      AC:  9    Str: 11    XL:     7   Next: 9%
Magic:  7/7        EV: 13    Int: 14    God:
Gold:   194        SH:  0    Dex: 15    Spells: 6/6 levels left

rFire    . . .     SeeInvis .   a - +1 hand axe
rCold    . . .     Gourm    .   b - +0 robe
rNeg     . . .     Faith    .   (no shield)
rPois    +         Spirit   +   (helmet restricted)
rElec    .         Reflect  .   m - +1 cloak {rPois}
rCorr    .         Harm     .   j - +1 pair of gloves (curse)
MR       .....     Rnd*Tele +   p - -2 pair of boots (curse)
Stlth    ++........             k - amulet of magic regeneration
Regen    0.2/turn               q - ring of teleportation (curse)
                                f - +4 ring of protection

@: no status effects
A: horns 1, magic shield, sanguine armour 1
a: no special abilities


You were on level 4 of the Dungeon.
You were not hungry.

You visited 1 branch of the dungeon, and saw 4 of its levels.

You collected 194 gold pieces.

Inventory:

Hand Weapons
 a - a +1 hand axe (weapon)
Armour
 b - a +0 robe (worn)
 j - a cursed +1 pair of gloves (worn)
 m - a +1 cloak of poison resistance (worn)
 p - a cursed -2 pair of boots (worn)
Jewellery
 f - a +4 ring of protection (left hand)
 i - an uncursed ring of protection from fire
 k - an amulet of magic regeneration (around neck)
 q - a cursed ring of teleportation (right hand)
 r - an uncursed ring of ice
 t - an uncursed ring of poison resistance
Scrolls
 d - a scroll of amnesia
 e - a scroll of identify
 o - 3 scrolls of teleportation
Potions
 g - a potion of agility
 h - a potion of magic
 n - 2 potions of curing
Comestibles
 c - 5 bread rations
 u - 3 fruits
 v - 7 chunks of flesh


   Skills:
 - Level 3.0 Fighting
 + Level 7.4 Axes
 - Level 2.6 Dodging
 - Level 1.7 Stealth


You had 6 spell levels left.
You didn't know any spells.

Dungeon Overview and Level Annotations

Branches:
Dungeon (4/15)
 Temple: D:4-7

Altars:


Innate Abilities, Weirdness & Mutations

You have a pair of small horns on your head.
When hurt, damage is shared between your health and your magic reserves.
When seriously injured, your bleeding wounds create armour. (AC +0)


Message History

There is a stone staircase leading up here.
You now have 194 gold pieces (gained 19).
You see here 14 arrows.
Found 14 stones.
e - 2 scrolls of identify (gained 1)
Found an escape hatch in the ceiling.
s - a scroll labeled PUNWUY JENWOICAF
As you read the scroll of identify, it crumbles to dust.
h - a potion of magic
As you read the scroll labeled QENACI VABLUJA, it crumbles to dust.
It is a scroll of enchant weapon.
Your +0 hand axe glows red for a moment.
Blink to where?
Press: ? - help, Dir - move target cursor, f - you Are you sure you want to cancel this blink?
Okay, then.
As you read the scroll labeled PUNWUY JENWOICAF, it crumbles to dust.
It was a scroll of blinking.
Unknown command.
Are you sure you want to abandon this character and quit the game? (Confirm with "yes".)

# #(#####.## #
#.##.##.....#.#
#.<....##..#.#
#.##..........#
#
#........#(.....
########.#.##<.#
#.# . .. #.# ##
#@# #..........#
####.#####.# #..
... ###. . $.


There were no monsters in sight!

Vanquished Creatures
  Grinder (D:3)
  A centaur (D:3)
  An orc priest (D:3)
  3 orc wizards (D:3)
  Crazy Yiuf (D:3)
  6 adders
  A worm (D:3)
  2 dart slugs
  4 leopard geckos (D:1)
  4 orcs (D:3)
  2 ball pythons (D:1)
  A giant cockroach (D:1)
  6 goblins
  10 hobgoblins
  10 kobolds
  10 bats
  2 frilled lizards
  8 rats
73 creatures vanquished.

Notes
Turn   | Place    | Note
-------+----------+-------------------------------------------
     0 | D:1      | Alarkh the Demonspawn Monk began the quest for the Orb.
     0 | D:1      | Reached XP level 1. HP: 18/18 MP: 1/1
    30 | D:1      | Reached skill level 3 in Axes
    84 | D:1      | Gained mutation: When seriously injured, your bleeding wounds create armour. (AC +0) [demonic ancestry]
    84 | D:1      | Reached XP level 2. HP: 4/24 MP: 2/2
   516 | D:1      | Reached XP level 3. HP: 26/29 MP: 3/3
   824 | D:2      | Reached skill level 4 in Axes
  1936 | D:2      | Reached XP level 4. HP: 22/35 MP: 4/4
  2151 | D:3      | Noticed Grinder
  2151 | D:3      | Noticed a centaur
  2168 | D:3      | Paralysed by Grinder for 3 turns
  2178 | D:3      | Paralysed by Grinder for 3 turns
  2184 | D:3      | Paralysed by Grinder for 6 turns
  2193 | D:3      | Paralysed by Grinder for 5 turns
  2207 | D:3      | Killed Grinder
  2207 | D:3      | Reached skill level 6 in Axes
  2207 | D:3      | Gained mutation: You have a pair of small horns on your head. [demonic ancestry]
  2207 | D:3      | Reached XP level 5. HP: 10/41 MP: 5/5
  2207 | D:3      | Reached XP level 6. HP: 12/47 MP: 6/6
  2758 | D:3      | Found a runed door.
  2818 | D:3      | Reached skill level 7 in Axes
  3311 | D:3      | Gained mutation: When hurt, damage is shared between your health and your magic reserves. [demonic ancestry]
  3311 | D:3      | Reached XP level 7. HP: 51/52 MP: 7/7
  3444 | D:3      | Noticed Crazy Yiuf
  3458 | D:3      | Killed Crazy Yiuf
  3517 | D:4      | Quit the game

Vault maps used:
D:1:      saegor_arrival_simple_b, minivault_27, minmay_tromino_i4
D:2:      first_bread, kennysheep_pointless_box
D:3:      serial_glass, glass_columns_c, glass_columns_a, uniq_grinder,
          uniq_crazy_yiuf_cottage
D:4:      nicolae_gozag_zags_fifth_avenue, hangedman_decor_lopped

Skill      XL: |  1  2  3  4  5  6 |
---------------+-------------------+-----
Axes           | 3 4 6 7 |  7.4
Fighting       | |  3.0
Dodging        | |  2.6
Stealth        | |  1.7

Action                   |  1- 3 |  4- 6 |  7- 9 || total
-------------------------+-------+-------+-------++-------
Melee: Hand axe          |   145 |   155 |    20 ||   320
       Headbutt          |       |    12 |     5 ||    17
  Use: Scroll            |     2 |     5 |     3 ||    10
       Potion            |       |     5 |       ||     5
 Stab: Sleeping          |     4 |     2 |       ||     6
       Distracted        |     1 |       |       ||     1
  Eat: Chunk             |     2 |     6 |     1 ||     9
Armor: Robe              |    48 |    31 |     5 ||    84
       Skin              |       |    25 |       ||    25
Dodge: Dodged            |   140 |    99 |    10 ||   249
